 Dungeon Crawl Stone Soup version 0.25.0-9-g26727b657a (webtiles) character file.

Game seed: 10147418520542404677

26853 HungrySpirit the Severer (level 13, -1/123 HPs)
             Began as a Deep Dwarf Monk on June 17, 2020.
             Was a High Priest of Makhleb.
             Slain by a lorocyproca (14 damage)
             ... on level 1 of the Abyss.
             The game lasted 00:36:34 (12536 turns).

HungrySpirit the Severer (Deep Dwarf Monk)         Turns: 12536, Time: 00:36:36

Health: -1/123     AC: 20    Str: 21    XL:     13   Next: 1%
Magic:  0/3        EV:  8    Int: 10    God:    Makhleb [*****.]
Gold:   718        SH: 11    Dex: 13    Spells: 12/12 levels left

rFire    + . .     SeeInvis .   C - +0 war axe
rCold    + . .     Gourm    .   u - +0 buckler
rNeg     . . .     Faith    .   M - +2 plate armour {rF+}
rPois    +         Spirit   .   S - +0 helmet
rElec    .         Reflect  +   (no cloak)
rCorr    .         Harm     .   J - +0 pair of gloves
MR       +....                  (no boots)
Stlth    ..........             i - amulet of reflection
HPRegen  0.00/turn              h - ring of poison resistance
MPRegen  0.08/turn              B - ring of protection from cold

@: non-regenerating
A: damage resistance, heal wounds, clumsy 1, sense surroundings 2, no
regeneration
a: Heal Wounds, Minor Destruction, Lesser Servant of Makhleb, Major Destruction,
Greater Servant of Makhleb, Renounce Religion


You were on level 1 of the Abyss.
You worshipped Makhleb.
Makhleb was extremely pleased with you.
You were very hungry.

You visited 2 branches of the dungeon, and saw 15 of its levels.
You visited the Abyss 1 time.

You collected 827 gold pieces.
You spent 109 gold pieces at shops.

Inventory:

Hand Weapons
 f - a +0 hand axe of flaming
 C - a +0 war axe (weapon)
Missiles
 F - 2 throwing nets (quivered)
Armour
 u - a +0 buckler (worn)
 J - a +0 pair of gloves (worn)
 M - a +2 plate armour of fire resistance (worn)
 S - a +0 helmet (worn)
Jewellery
 h - a ring of poison resistance (left hand)
 i - an amulet of reflection (around neck)
 k - a cursed -4 ring of intelligence {unknown}
 m - a +6 ring of strength
 A - an uncursed ring of protection from magic
 B - a ring of protection from cold (right hand)
 L - a +4 ring of protection {unknown}
Wands
 y - a wand of clouds (10)
 E - a wand of polymorph (4)
 T - a wand of paralysis (13)
Scrolls
 b - 2 scrolls of identify
 e - 2 scrolls of enchant weapon {unknown}
 l - 3 scrolls of random uselessness
 o - 3 scrolls of blinking {unknown}
 p - 6 scrolls of teleportation
 q - 4 scrolls of magic mapping {unknown}
 s - 2 scrolls of fear
 t - a scroll of noise {unknown}
 v - 2 scrolls of enchant armour {unknown}
 w - 3 scrolls of amnesia
 x - 4 scrolls of immolation {unknown}
 z - 2 scrolls of remove curse
 H - 2 scrolls of fog {unknown}
 I - a scroll of brand weapon {unknown}
 K - a scroll of silence {unknown}
 P - a scroll of summoning {unknown}
Potions
 a - a potion of mutation
 d - 8 potions of curing
 j - 2 potions of stabbing
 n - 2 potions of cancellation
 r - 4 potions of lignification
 D - a potion of haste
 G - a potion of brilliance
 N - 2 potions of flight
 Q - a potion of resistance
Miscellaneous
 R - a lightning rod (4/4)
Comestibles
 c - 42 rations


   Skills:
 + Level 10.1 Fighting
 * Level 15.8 Axes
 + Level 11.4 Armour
 - Level 3.2 Dodging
 - Level 2.4 Stealth
 + Level 7.5 Shields


You had 12 spell levels left.
You didn't know any spells.
Your spell library contained the following spells:

 Spells                   Type           Power        Failure   Level  Hunger
 Animate Skeleton         Necr           N/A          99%         1    ##.....
 Apportation              Tloc           #.....       99%         1    ##.....
 Corona                   Hex            #......      99%         1    ##.....
 Infusion                 Chrm           #...         99%         1    ##.....
 Summon Small Mammal      Summ           #...         99%         1    ##.....
 Ensorcelled Hibernation  Hex/Ice        #.....       100%        2    ###....
 Shroud of Golubria       Chrm/Tloc      #.....       100%        2    ###....
 Slow                     Hex            #.......     100%        2    ###....
 Song of Slaying          Chrm           #.......     100%        2    ###....
 Confusing Touch          Hex            #.......     100%        3    ####...
 Dazzling Flash           Conj/Hex       #.....       100%        3    ####...
 Inner Flame              Hex/Fire       #.......     100%        3    ####...
 Ozocubu's Armour         Chrm/Ice       #.......     100%        3    ####...
 Portal Projectile        Hex/Tloc       #.....       100%        3    ####...
 Spectral Weapon          Hex/Chrm       #.......     100%        3    ####...
 Tukima's Dance           Hex            #.......     100%        3    ####...
 Cause Fear               Hex            #.........   100%        4    #####..
 Leda's Liquefaction      Hex/Erth       #.........   100%        4    #####..
 Bolt of Magma            Conj/Fire/Erth #.........   100%        5    ######.
 Iskenderun's Battlesphe  Conj/Chrm      #.......     100%        5    ######.
 Iron Shot                Conj/Erth      #.........   100%        6    #######
 Orb of Destruction       Conj           #.........   100%        7    #######
 Spellforged Servitor     Conj/Summ      #.........   100%        7    #######


Dungeon Overview and Level Annotations

Branches:
Dungeon (11/15)            Temple (0/1) D:7            Lair (4/6) D:9
  Swamp (0/4) Lair:2
  Snake: Lair:2-4    Spider: Lair:2-4       Orc: D:9-12

Altars:
Dithmenos
Makhleb
Nemelex Xobeh
Qazlal
Ru
Wu Jian
Xom

Shops:
D:4 [   D:5 *   D:10 *

Annotations:
D:4 3 runed translucent doors, vogonpoet's ghost, amateur GrEE; zkyp's ghost, amateur DDHu
Lair:4 exclusion: oklob plant, Sonja


Innate Abilities, Weirdness & Mutations

You are resistant to damage.
You can heal yourself by infusing magical energy.
You passively map the area around you.
You do not regenerate.
You are clumsy. (Dex -2)


Message History

You feel much better.
A starcursed mass splits.
A deafening chorus of shrieks assaults your mind!
* * * LOW HITPOINT WARNING * * *
You suddenly lose the ability to move!
The starcursed mass engulfs you but does no damage.
The large abomination hits you but does no damage.
The starcursed mass engulfs you but does no damage.
Something hits you!!
* * * LOW HITPOINT WARNING * * *
You can move again.
Unknown command.
Unknown command.
You feel much better. The starcursed mass engulfs you!
* * * LOW HITPOINT WARNING * * *
A deafening chorus of shrieks assaults your mind!
* * * LOW HITPOINT WARNING * * *
The large abomination hits you!
* * * LOW HITPOINT WARNING * * *
A starcursed mass splits.
Something hits you!
You die...

.. . . .#. . .
# ### ## # ###
..#### ##.###
.. ... ... .
.....#..# ....
.'#####x3.....#
.# ..+..
#{X....#. .. #
. #@XX.#. ♣ #
#XXX....♣ ...
.#X...#..≈ . #
#.......# # .
..#....≈≈≈≈
#....≈≈≈≈
......≈≈#
..#..≈≈.#


You could see 6 starcursed masses, a large abomination, a ynoxinul and a small
abomination.

Vanquished Creatures
  9 starcursed masses (Abyss:1)
  Harold (D:8)
  3 hydras
  A two-headed ogre (D:9)
  A thrashing horror (Abyss:1)
  A glowing orange brain (Abyss:1)
  A large abomination (Abyss:1)
  Joseph (D:9)
  4 elephants (Lair:4)
  Maurice (D:10)
  3 worldbinders (Abyss:1)
  A centaur zombie (D:6)
  3 black mambas
  A smoke demon (Abyss:1)
  3 spiny frogs
  A kobold demonologist (D:11)
  A komodo dragon (Lair:3)
  A rime drake (Lair:4)
  3 trolls
  A meliai (D:10)
  A polar bear (Lair:2)
  A merfolk (D:9)
  3 blink frogs (Lair:3)
  4 hippogriffs
  2 ynoxinuls (Abyss:1)
  12 yaks
  A basilisk (Lair:3)
  A small abomination (Abyss:1)
  3 wyverns
  A hungry ghost (D:7)
  Eustachio (D:4)
  Grum (D:10)
  A chaos spawn (Abyss:1)
  A neqoxec (Abyss:1)
  9 water moccasins
  4 orc warriors
  7 porcupines
  3 necrophages
  2 ice beasts
  5 sky beasts
  An ogre (D:10)
  17 wolves
  3 centaurs
  7 crocodiles
  8 bullfrogs
  A gnoll sergeant (D:8)
  6 scorpions
  3 water moccasin skeletons
  7 killer bees (D:10)
  6 wights
  An electric eel (Lair:2)
  3 jellies
  A bullfrog zombie (D:9)
  8 crimson imps
  6 hounds
  10 orc wizards
  A bullfrog skeleton (D:7)
  9 orc priests
  A centaur skeleton (D:4)
  A gnoll shaman (D:4)
  Ijyb (D:4)
  3 iguanas
  6 worker ants
  A worker ant zombie (D:5)
  16 adders
  17 gnolls
  5 shadow imps
  An ufetubus (Abyss:1)
  An ooze (D:4)
  An adder zombie (D:8)
  An adder skeleton (D:4)
  A dart slug (D:2)
  3 leopard geckos
  37 orcs
  2 ball pythons
  4 giant cockroaches
  5 hobgoblins
  11 jackals
  10 kobolds
  8 quokkas
  8 bats
  4 frilled lizards
  2 goblins (D:2)
  2 quokka skeletons
  A quokka zombie (D:6)
  6 rats
  A fungus (Lair:3)
362 creatures vanquished.

Vanquished Creatures (others)
  A bullfrog (D:10)
  3 plants
4 creatures vanquished.

Grand Total: 366 creatures vanquished

Notes
Turn   | Place    | Note
-------+----------+-------------------------------------------
     0 | D:1      | HungrySpirit the Deep Dwarf Monk began the quest for the
                  | Orb.
     0 | D:1      | Reached XP level 1. HP: 20/20 MP: 1/1
   125 | D:1      | You fall into a shaft and drop 1 floor!
   271 | D:1      | Reached XP level 2. HP: 27/27 MP: 2/2
   585 | D:1      | Reached skill level 1 in Armour
   850 | D:2      | Reached skill level 4 in Axes
   900 | D:2      | Reached XP level 3. HP: 14/34 MP: 3/3
  1370 | D:2      | Reached XP level 4. HP: 40/42 MP: 3/3
  1630 | D:3      | Reached skill level 5 in Axes
  1698 | D:3      | Reached XP level 5. HP: 34/49 MP: 4/4
  1893 | D:3      | Found a sacrificial altar of Ru.
  1921 | D:3      | Found a sparkling altar of Nemelex Xobeh.
  2264 | D:4      | Noticed a phantom
  2331 | D:4      | Reached XP level 6. HP: 38/57 MP: 5/5
  2369 | D:4      | Found a runed translucent gate.
  2369 | D:4      | Found a runed translucent gate.
  2372 | D:4      | Found a runed translucent gate.
  2372 | D:4      | Noticed vogonpoet's ghost (amateur GrEE)
  2373 | D:4      | Noticed zkyp's ghost (amateur DDHu)
  2462 | D:4      | Reached skill level 6 in Axes
  2786 | D:4      | Reached XP level 7. HP: 27/64 MP: 6/6
  2981 | D:4      | Found Gamotex's Armour Shop.
  2984 | D:4      | Bought a +0 buckler for 49 gold pieces
  3092 | D:4      | Noticed Ijyb
  3132 | D:4      | Killed Ijyb
  3139 | D:4      | Noticed Eustachio
  3218 | D:4      | Killed Eustachio
  3218 | D:4      | Reached skill level 7 in Axes
  3218 | D:4      | Reached skill level 1 in Shields
  3329 | D:4      | Found a shadowy altar of Dithmenos.
  3648 | D:5      | Entered Level 5 of the Dungeon
  3763 | D:5      | Reached XP level 8. HP: 52/71 MP: 7/7
  4080 | D:5      | Reached skill level 5 in Fighting
  4080 | D:5      | Reached skill level 8 in Axes
  4242 | D:5      | Reached skill level 5 in Armour
  4378 | D:5      | Found Ripn's General Store.
  4381 | D:5      | Bought a scroll of identify for 22 gold pieces
  4381 | D:5      | Bought a scroll of amnesia for 38 gold pieces
  4965 | D:6      | Found a stormy altar of Qazlal.
  5015 | D:6      | Reached skill level 9 in Axes
  5015 | D:6      | Gained mutation: You passively map the area around you.
                  | [Deep Dwarf growth]
  5015 | D:6      | Reached XP level 9. HP: 40/82 MP: 6/6
  5025 | D:6      | Found a burning altar of Makhleb.
  5029 | D:6      | Got an ichor-stained chain mail
  5134 | D:6      | Became a worshipper of Makhleb the Destroyer
  5134 | D:6      | Reached * piety under Makhleb
  5134 | D:6      | Reached ** piety under Makhleb
  5440 | D:7      | Found a staircase to the Ecumenical Temple.
  5490 | D:7      | Reached skill level 10 in Axes
  6087 | D:8      | Noticed Harold
  6096 | D:8      | Killed Harold
  6096 | D:8      | Reached skill level 11 in Axes
  6158 | D:8      | Reached *** piety under Makhleb
  6175 | D:8      | Identified the +1 chain mail of Syndicalism {Str-5 Int+5}
                  | (You found it on level 6 of the Dungeon)
  6225 | D:8      | Reached XP level 10. HP: 92/92 MP: 7/7
  6786 | D:9      | Found a shimmering altar of Xom.
  6788 | D:9      | Found a shimmering altar of Xom.
  6788 | D:9      | Found a shimmering altar of Xom.
  6789 | D:9      | Found a shimmering altar of Xom.
  6796 | D:9      | Found an ornate altar of the Wu Jian Council.
  6902 | D:9      | Found a shimmering altar of Xom.
  6904 | D:9      | Found a shimmering altar of Xom.
  6927 | D:9      | Noticed Joseph
  6945 | D:9      | Killed Joseph
  7030 | D:9      | Noticed a two-headed ogre
  7048 | D:9      | Killed a two-headed ogre
  7048 | D:9      | Reached skill level 12 in Axes
  7088 | D:9      | Found a staircase to the Lair.
  7401 | D:9      | Reached **** piety under Makhleb
  7676 | D:10     | Entered Level 10 of the Dungeon
  7942 | D:10     | Found Nestiumn's Changing Room.
  8006 | D:10     | Noticed Grum
  8013 | D:10     | Reached XP level 11. HP: 53/103 MP: 8/8
  8015 | D:10     | Killed Grum
  8048 | D:10     | Reached skill level 13 in Axes
  8083 | D:10     | Noticed Maurice
  8297 | D:10     | Killed Maurice
  8799 | D:11     | Noticed a sixfirhy
  9135 | Lair:1   | Entered Level 1 of the Lair of Beasts
  9381 | Lair:1   | Noticed a six-headed hydra
  9392 | Lair:1   | Killed a one-headed hydra
  9507 | Lair:1   | Reached ***** piety under Makhleb
  9590 | Lair:1   | Reached skill level 14 in Axes
  9747 | Lair:1   | Reached skill level 10 in Armour
 10024 | Lair:2   | Noticed a seven-headed hydra
 10043 | Lair:2   | Killed a one-headed hydra
 10043 | Lair:2   | Reached skill level 5 in Shields
 10159 | Lair:2   | Found a staircase to the Swamp.
 10474 | Lair:3   | Reached XP level 12. HP: 49/114 MP: 7/7
 10509 | Lair:3   | Noticed a seven-headed hydra
 10526 | Lair:3   | Killed a seven-headed hydra
 11699 | Lair:4   | Reached skill level 15 in Axes
 12081 | Lair:4   | Noticed Sonja
 12101 | Lair:4   | Cast into level 1 of the Abyss (Sonja)
 12119 | Abyss:1  | Found a shimmering altar of Xom.
 12147 | Abyss:1  | Noticed an Executioner
 12240 | Abyss:1  | Noticed a balrug
 12248 | Abyss:1  | Noticed a bone dragon
 12341 | Abyss:1  | Noticed a starcursed mass
 12349 | Abyss:1  | Noticed a starcursed mass
 12354 | Abyss:1  | Paralysed by accursed screaming for 1 turns
 12379 | Abyss:1  | Paralysed by accursed screaming for 1 turns
 12382 | Abyss:1  | Killed a starcursed mass
 12382 | Abyss:1  | Reached skill level 10 in Fighting
 12383 | Abyss:1  | Paralysed by accursed screaming for 1 turns
 12386 | Abyss:1  | Gained mutation: You are clumsy. (Dex -2) [a neqoxec]
 12391 | Abyss:1  | Paralysed by accursed screaming for 1 turns
 12396 | Abyss:1  | Paralysed by accursed screaming for 1 turns
 12403 | Abyss:1  | Paralysed by accursed screaming for 1 turns
 12494 | Abyss:1  | Reached XP level 13. HP: 100/123 MP: 5/5
 12509 | Abyss:1  | Noticed a starcursed mass
 12515 | Abyss:1  | Paralysed by accursed screaming for 1 turns
 12534 | Abyss:1  | HP: 6/123 [something (14)]
 12535 | Abyss:1  | Paralysed by accursed screaming for 1 turns
 12536 | Abyss:1  | Slain by a lorocyproca

Illustrated notes

Levels and vault maps discovered:
D:1:      dpeg_arrival_solitude, layout_basic
D:2:      layout_loops_ring
D:3:      layout_basic, grunt_temple_overflow_open
D:4:      wad_woods_tower, layout_basic, lemuel_coloured_pillars_altar,
          serial_shops, shop, gammafunk_ghost_cemetery, minmay_misc_feat_rugged,
          uniq_eustachio, uniq_ijyb
D:5:      layout_basic, serial_shops, kennysheep_mini, first_ration,
          minivault_27
D:6:      layout_rooms, grunt_qazlal_sundering, bloody_makhleb
D:7:      layout_basic, minmay_temple_entry_stoned_glass
D:8:      layout_loops_ring, uniq_harold
D:9:      layout_cave_pools, old_standard_altar, lair_entry_dummy,
          serial_co_window_serial, co_window_corner_a, co_window_paths_a,
          co_window_corner_a, co_window_corner_a, co_window_paths_a,
          co_window_cross_3, co_window_of_opportunity_b, co_window_corner_b,
          co_window_corner_b, co_window_corner_b, co_window_paths_e,
          co_window_4corner_a, glass_columns_b, glass_columns_b,
          glass_columns_b, glass_columns_a, glass_columns_b,
          hangedman_fish_farm, xom_shifter_show, uniq_joseph
D:10:     layout_loops_ring, minivault_20, nicolae_transmutations_shop,
          serial_bayou_pond_a, uniq_maurice, uniq_grum
D:11:     layout_cave_pools
Lair:1:   layout_regular_city, lemuel_fruit_fields, grunt_megastairs_4
Lair:2:   layout_chaotic_city, minmay_swamp_entry_eels, st_stairs_10,
          chequers_serial_rivers_micro_a, hangedman_lair_unloving_vines,
          infiniplex_staircase_pool
Lair:3:   layout_hall_layers, chequers_serial_rivers_micro_d
Lair:4:   layout_concentric_octagons, minmay_snake_entry_guardpost_small,
          infiniplex_staircase_pool_2, grunt_megastairs_1, serial_bayou_shore_a,
          minmay_lair_oklob_chamber, uniq_sonja, uniq_josephine
Abyss:1:  base:
Lair:1

Skill      XL: |  1  2  3  4  5  6  7  8  9 10 11 12 |
---------------+-------------------------------------+-----
Armour         | 1 2 3 4 5 7 9 10 11 | 11.4
Fighting       | 3 4 5 6 8 9 10 | 10.1
Axes           | 4 5 6 7 9 11 12 14 15 | 15.8
Shields        | 2 4 5 7 |  7.5
Dodging        | |  3.2
Stealth        | |  2.4

Action                   |  1- 3 |  4- 6 |  7- 9 | 10-12 | 13-15 || total
-------------------------+-------+-------+-------+-------+-------++-------
Melee: Hand axe          |   163 |   294 |   357 |    15 |       ||   829
       War axe           |       |       |   206 |   991 |    26 ||  1223
Throw: Throwing net      |       |       |       |     1 |       ||     1
 Abil: Heal Wounds       |     2 |     3 |     8 |    22 |     7 ||    42
Evoke: Wand              |       |       |    17 |    39 |       ||    56
  Use: Scroll            |       |       |     7 |    11 |       ||    18
       Potion            |       |       |       |     5 |       ||     5
 Stab: Confused          |       |       |     2 |       |       ||     2
       Paralysed         |       |       |       |    16 |       ||    16
  Eat: Chunk             |     1 |     6 |     7 |    21 |       ||    35
       Ration            |       |       |     2 |       |       ||     2
Armor: Plate armour      |   138 |   191 |   291 |   566 |    13 ||  1199
Dodge: Dodged            |    40 |    88 |   153 |   302 |     3 ||   586
Block: Buckler           |       |       |    92 |   483 |     5 ||   580
       Reflection        |       |       |     1 |     7 |       ||     8
